[ PARTIDA AOE2 · #495285296 ]
UnrankedMongoles vs Britons
Equipo del jugador · VICT
Equipo rival · DERR
[ ANÁLISIS DE REPETICIÓN · EXTRAÍDO DE LA PARTIDA GRABADA ]
Feudal
8:04
Castillos
—
Imperial
—
| APM promedio | 93.8 |
| APM pico | 163 |
| eAPM promedio | 38.3 |
| Aldeanos / militares | 21 / 4 |
Foco
⚔️ 70.6% · 🌾 29.4%
Militia ×4
Feudal
8:25
Castillos
—
Imperial
—
| APM promedio | 74.6 |
| APM pico | 95 |
| eAPM promedio | 19.0 |
| Aldeanos / militares | 26 / 0 |
Foco
⚔️ 20.9% · 🌾 79.1%
Mapa de la partida
Recursos iniciales + cada clic de construcción. Líneas = muros · curvas = relieve. ◆ oro · ⬟ piedra · ● bayas · ✦ reliquia · ◌ hueco del cierre
Tu base
Base de NU Apartment
Terreno inicial suavizado · ◌ = hueco del cierre detectado · pasá el cursor para detalles
Inputs por minuto
— AiM | Whocl - - NU Apartment
Build order — AiM | Whocl
41 acciones detectadas en el replay
| 0:01 | Encolar | Villager (Male) |
| 0:02 | Construir | House |
| 0:03 | Construir | House |
| 0:15 | Encolar | Villager (Male) ×3 |
| 1:27 | Encolar | Villager (Male) |
| 1:28 | Encolar | Villager (Male) |
| 1:57 | Construir | Lumber Camp |
| 2:01 | Encolar | Villager (Male) |
| 2:24 | Encolar | Villager (Male) |
| 2:25 | Encolar | Villager (Male) |
| 2:50 | Encolar | Villager (Male) |
| 2:52 | Encolar | Villager (Male) |
| 3:19 | Encolar | Villager (Male) |
| 3:39 | Construir | House |
| 3:54 | Encolar | Villager (Male) |
| 4:24 | Encolar | Villager (Male) |
| 4:46 | Encolar | Villager (Male) |
| 4:59 | Construir | Barracks |
| 5:18 | Encolar | Villager (Male) |
| 5:55 | Investigar | Feudal Age |
| 5:55 | Investigar | Feudal Age |
| 5:55 | Investigar | Feudal Age |
| 5:56 | Construir | House |
| 6:14 | Encolar | Militia |
| 6:26 | Construir | House |
| 6:27 | Encolar | Militia |
| 6:27 | Encolar | Militia |
| 6:28 | Encolar | Militia |
| 6:44 | Construir | Palisade Wall |
| 6:55 | Construir | Mining Camp |
| 7:57 | Construir | Palisade Wall |
| 8:04 | Edad | Edad Feudal |
| 8:06 | Encolar | Villager (Male) |
| 8:07 | Investigar | Man-at-Arms (upgrade) |
| 8:28 | Investigar | Loom |
| 8:39 | Construir | Mill |
| 8:46 | Encolar | Villager (Male) |
| 9:02 | Construir | House |
| 9:09 | Encolar | Villager (Male) |
| 9:30 | Encolar | Villager (Male) |
| 9:45 | Encolar | Villager (Male) |
Build order — NU Apartment
41 acciones detectadas en el replay
| 0:00 | Encolar | Villager (Male) |
| 0:00 | Encolar | Villager (Male) |
| 0:01 | Encolar | Villager (Male) |
| 0:02 | Construir | House |
| 0:02 | Construir | House |
| 0:07 | Encolar | Villager (Male) |
| 0:08 | Encolar | Villager (Male) |
| 1:18 | Encolar | Villager (Male) |
| 1:57 | Encolar | Villager (Male) |
| 1:57 | Encolar | Villager (Male) |
| 2:00 | Encolar | Villager (Male) |
| 2:01 | Encolar | Villager (Male) |
| 2:11 | Construir | Lumber Camp |
| 2:32 | Encolar | Villager (Male) |
| 2:32 | Encolar | Villager (Male) |
| 2:32 | Encolar | Villager (Male) |
| 2:46 | Encolar | Villager (Male) |
| 3:36 | Encolar | Villager (Male) |
| 3:49 | Construir | House |
| 3:52 | Encolar | Villager (Male) |
| 3:52 | Encolar | Villager (Male) |
| 3:52 | Encolar | Villager (Male) |
| 4:26 | Encolar | Villager (Male) |
| 4:38 | Encolar | Villager (Male) |
| 4:48 | Construir | Mill |
| 5:31 | Investigar | Loom |
| 6:10 | Investigar | Feudal Age |
| 6:48 | Construir | House |
| 7:14 | Construir | Palisade Wall |
| 7:47 | Construir | Barracks |
| 7:55 | Encolar | Villager (Male) |
| 7:59 | Construir | Palisade Wall |
| 8:24 | Encolar | Villager (Male) |
| 8:25 | Edad | Edad Feudal |
| 8:48 | Construir | Archery Range |
| 8:58 | Investigar | Double-Bit Axe |
| 8:58 | Encolar | Villager (Male) |
| 9:05 | Construir | House |
| 9:16 | Encolar | Villager (Male) |
| 9:22 | Encolar | Villager (Male) |
| 9:25 | Encolar | Villager (Male) |
Cronología de la partida
| 4:59 | AiM | Whocl · first_building Barracks |
| 6:44 | AiM | Whocl · wall_segment Palisade Wall x3 |
| 7:14 | NU Apartment · wall_segment Palisade Wall x5 |
| 7:47 | NU Apartment · first_building Barracks |
| 7:57 | AiM | Whocl · wall_segment Palisade Wall x10 |
| 7:59 | NU Apartment · wall_segment Palisade Wall x1 |
| 8:04 | AiM | Whocl · age_up feudal |
| 8:25 | NU Apartment · age_up feudal |
| 8:48 | NU Apartment · first_building Archery Range |
| 9:51 | NU Apartment · resign |
[ ANÁLISIS IA · 1 CRÉDITO ]
¿Qué pasó realmente en esta partida?
Wolo.gg analiza cada decisión: build order, eco, micro, errores típicos por bracket. Análisis personalizado por WhatsApp o Discord en 30 segundos.
Guía civ
Mongoles
Perfil
Jugador #2309468